 Dungeon Crawl Stone Soup version 0.32-a0-732-ga344392067 (webtiles) character file.

Game seed: 9316228536312835691

153 gimp the Magician (level 5, -13/24 HPs)
             Began as a Spriggan Earth Elementalist on Mar 16, 2024.
             Mangled by a wyvern (19 damage)
             ... on level 4 of the Dungeon.
             The game lasted 00:03:21 (3014 turns).

gimp the Magician (Spriggan Earth Elementalist)     Turns: 3014, Time: 00:03:22

Health: -13/24     AC:  2    Str:  4    XL:     5   Next: 12%
Magic:  9/13       EV: 16    Int: 25    God:
Gold:   115        SH:  0    Dex: 15    Spells: 9/14 levels left

rFire   . . .        (weapon restricted)
rCold   . . .        (no shield)
rNeg    . . .        a - +0 robe
rPois   +            (helmet restricted)
rElec   .            (no cloak)
rCorr   .            (gloves unavailable)
SInv    +            (boots unavailable)
Will    .....        (no amulet)
Stlth   ++           i - +6 ring of intelligence
HPRegen 0.24/turn    h - ring of poison resistance
MPRegen 0.13/turn

%: no passive effects
@: very quick
A: very small, no large weapons, unfitting armour, see invisible, speed 3
a: no special abilities


You were on level 4 of the Dungeon.
You visited 1 branch of the dungeon, and saw 4 of its levels.

You collected 115 gold pieces.

Inventory:

Armour
 a - a +0 robe (worn)
Jewellery
 h - a ring of poison resistance (right hand)
 i - a +6 ring of intelligence (left hand)
Wands
 l - a wand of flame (15)
Scrolls
 c - 2 scrolls of immolation {unknown}
 d - a scroll of teleportation {unknown}
 e - 3 scrolls of identify {unknown}
 j - a scroll of fog {unknown}
 k - a scroll of brand weapon {unknown}
Potions
 b - a potion of magic
 f - a potion of curing {unknown}
 g - a potion of mutation {unknown}
 m - a potion of ambrosia {unknown}


   Skills:
 - Level 2.6 Dodging
 - Level 3.0 Stealth
 * Level 5.0 Spellcasting
 + Level 1.8 Conjurations
 + Level 3.5 Earth Magic


You had 9 spell levels left.
You knew the following spells:

 Your Spells              Type           Power      Damage    Failure   Level
a - Sandblast             Erth           46%        2d11      1%          1
b - Sting                 Conj/Alch      40%        1d5       5%          1
c - Stone Arrow           Conj/Erth      38%        3d9       9%          3

Your spell library contained the following spells:

 Spells                   Type           Power      Damage    Failure   Level
 Passwall                 Erth           23%        N/A       6%          3
 Apportation              Tloc           12%        N/A       9%          1
 Necrotise                Necr           24%        1d5       9%          1
 Summon Small Mammal      Summ           24%        N/A       9%          1
 Brom's Barrelling Bould  Conj/Erth      19%        2d4       26%         4
 Petrify                  Alch/Erth      15%        N/A       36%         4
 Iskenderun's Battlesphe  Conj           15%        2d7       71%         5
 Bombard                  Conj/Erth      9%         9d2       99%         6
 Spellforged Servitor     Conj/Summ      5%         N/A       100%        7


Dungeon Overview and Level Annotations

Branches:
Dungeon (4/15)
 Temple: D:4-7

Altars:


Innate Abilities, Weirdness & Mutations

You are very small and have problems with some larger weapons.
You are too small for most types of armour.
You have supernaturally acute eyesight. (SInv)
You cover ground extremely quickly. (Speed+++)


Message History

An adder comes into view.
An adder is nearby!
Casting: Sandblast (safe; 1% risk of failure)
Confirm with . or Enter, or press ? or * to list all spells.
Aiming: Sandblast (safe; 1% risk of failure)
Press: ? - help, Shift-Dir - straight line, f - adder
Aim: an adder (asleep, 100% to hit)
The blast of sand hits the adder!
You kill the adder!
You now have 12/13 mp.
Casting: Sandblast (safe; 1% risk of failure)
Confirm with . or Enter, or press ? or * to list all spells.
You can't see any susceptible monsters within range! (Use Z to cast anyway.)
You see here a +0 scale mail.
A bat comes into view.
MP restored: 13 A bat is nearby!
Casting: Sandblast (safe; 1% risk of failure)
Confirm with . or Enter, or press ? or * to list all spells.
You can't see any susceptible monsters within range! (Use Z to cast anyway.)
Casting: Sandblast (safe; 1% risk of failure)
Confirm with . or Enter, or press ? or * to list all spells.
Aiming: Sandblast (safe; 1% risk of failure)
Press: ? - help, Shift-Dir - straight line, f - bat
Aim: a bat (asleep, 100% to hit)
The blast of sand hits the bat!
You kill the bat!
You now have 12/13 mp.
Casting: Sandblast (safe; 1% risk of failure)
Confirm with . or Enter, or press ? or * to list all spells.
You can't see any susceptible monsters within range! (Use Z to cast anyway.)
You open the door.
There is an open door here.
You now have 103 gold pieces (gained 13).
Done exploring.
MP restored: 13 Done exploring.
Done exploring.
There is an open door here.
There is an open door here.
There is a stone staircase leading down here.
You climb downwards.
Found a scroll labelled WITEAZ LAKEICW and 4 gold pieces.
Found an escape hatch in the ceiling.
Found a stone staircase leading down.
There is a stone staircase leading up here.
e - 3 scrolls labelled WITEAZ LAKEICW (gained 1)
A ball python comes into view.
A ball python is nearby!
Casting: Sandblast (safe; 1% risk of failure)
Confirm with . or Enter, or press ? or * to list all spells.
Aiming: Sandblast (safe; 1% risk of failure)
Press: ? - help, Shift-Dir - straight line, f - ball python
Aim: a ball python (wandering, hasn't noticed you, 81% to hit)
The blast of sand hits the ball python!
You kill the ball python!
You now have 12/13 mp.
Casting: Sandblast (safe; 1% risk of failure)
Confirm with . or Enter, or press ? or * to list all spells.
You can't see any susceptible monsters within range! (Use Z to cast anyway.) Magic restored.
You now have 107 gold pieces (gained 4).
You see here a ball python corpse.
You now have 115 gold pieces (gained 8).
As you open the door, it creaks loudly!
A wyvern comes into view.
The wyvern hisses angrily.
You hear a shout!
The wyvern moves out of view.
MP restored: 13
Casting: Sandblast (safe; 1% risk of failure)
Confirm with . or Enter, or press ? or * to list all spells.
Aiming: Sandblast (safe; 1% risk of failure)
Press: ? - help, Shift-Dir - straight line, f - wyvern
Aim: a wyvern (83% to hit)
The blast of sand misses the wyvern.
The wyvern bites you!!
Ouch! That really hurt!
* * * LOW HITPOINT WARNING * * *
The wyvern misses you.
You take 19 damage, and have 5/24 hp.
MASSIVE DAMAGE!!
You now have 12/13 mp.
Okay, then.
Casting: Sandblast (safe; 1% risk of failure)
Confirm with . or Enter, or press ? or * to list all spells.
Okay, then.
Okay, then.
Okay, then.
Okay, then.
Press: ? - help, v - describe, . - travel
Here: a wyvern An open door.
Unknown command.
Casting: Sandblast (safe; 1% risk of failure)
Confirm with . or Enter, or press ? or * to list all spells.
Aiming: Stone Arrow (quite dangerous; 9% risk of failure)
Press: ? - help, Shift-Dir - straight line, f/p - wyvern
Aim: a wyvern (68% to hit)
The stone arrow hits the wyvern!!
The wyvern is severely wounded.
A hobgoblin comes into view. It is wielding a +0 trident.
The wyvern bites you!!
Ouch! That really hurt!
You die...

#.. #.........#
#..##.........#
#.>..<.......#######
#............##....#
#.............†....#
#.................##
+..................#
#........<.........#
#####.....@........#
#..###k####....# #..
#... ##....# ###
#....#.....#
#....#.....#
.....#.....#
##....##....#
#..g.##...## #####


You could see a wyvern and a hobgoblin.

Vanquished Creatures
  Robin (D:2)
  4 gnolls (D:2)
  3 adders
  A dart slug (D:3)
  An orc (D:3)
  7 bats
  3 endoplasms (D:2)
  3 giant cockroaches
  14 goblins
  8 hobgoblins
  7 jackals
  2 kobolds
  8 ball pythons
  3 frilled lizards
  7 rats
72 creatures vanquished.

Notes
Turn   | Place    | Note
-------+----------+-------------------------------------------
     0 | D:1      | gimp the Spriggan Earth Elementalist began the quest for
                  | the Orb.
     0 | D:1      | Reached XP level 1. HP: 9/9 MP: 5/5
   326 | D:1      | Reached skill level 3 in Spellcasting
   391 | D:1      | Reached XP level 2. HP: 11/13 MP: 2/7
   639 | D:1      | Reached skill level 1 in Conjurations
  1309 | D:2      | Reached XP level 3. HP: 15/16 MP: 5/9
  1323 | D:1      | Learned a level 1 spell: Sting
  1327 | D:1      | Learned a level 3 spell: Stone Arrow
  1464 | D:2      | Reached skill level 4 in Spellcasting
  1660 | D:2      | Reached XP level 4. HP: 21/21 MP: 6/11
  1741 | D:2      | Noticed Robin
  1745 | D:2      | Killed Robin
  2448 | D:3      | Reached XP level 5. HP: 24/24 MP: 11/13
  2801 | D:3      | Reached skill level 5 in Spellcasting
  3011 | D:4      | Noticed a wyvern
  3014 | D:4      | Mangled by a wyvern

Illustrated notes

Levels and vault maps discovered:
D:1:      dpeg_arrival_refuge, layout_basic
D:2:      layout_rooms, uniq_robin
D:3:      kb_forest_paths, layout_loops_corners, hangedman_abyss_or_decor_stabs,
          chequers_garden
D:4:      layout_gridville, uniq_natasha

Skill      XL: |  1  2  3  4  5 |
---------------+----------------+-----
Spellcasting   | 3 4 5 |  5.0
Conjurations   | 1 |  1.8
Earth Magic    | 3 |  3.5
Dodging        | |  2.6
Stealth        | |  3.0

Action                     |  1- 3 |  4- 6 || total
---------------------------+-------+-------++-------
   Cast: Sandblast         |    62 |    47 ||   109
         Stone Arrow       |       |     1 ||     1
 Armour: Robe              |    11 |     4 ||    15
  Dodge: Dodged            |    29 |     2 ||    31

Table legend: (Time is in decaauts)
 A = Elapsed time spent in this place.
 B = Non-inter-level travel time spent in this place.
 C = Inter-level travel time spent in this place.
 D = Time resting spent in this place.
 E = Time spent auto-exploring this place.
 F = Levels seen in this place.
 G = Mean time per level.
                   A        B        C        D        E       F      G
               +--------+--------+--------+--------+--------+-----+--------+
         Total |   2264 |   2227 |     37 |     19 |   1871 |   4 |  566.0 |
       Dungeon |   2264 |   2227 |     37 |     19 |   1871 |   4 |  566.0 |
               +--------+--------+--------+--------+--------+-----+--------+

Top non-repeatable levels by time:
     D:1: 853 daAuts
     D:3: 692 daAuts
     D:2: 684 daAuts
     D:4: 33 daAuts
